 Dungeon Crawl Stone Soup version 0.30-a0-341-g682706514a (webtiles) character file.

Game seed: 11314086803709187523

751 Elric the Spear-Bearer (level 7, -4/51 HPs)
             Began as a Merfolk Gladiator on Nov 2, 2022.
             Slain by an ogre
             ... wielding a +0 giant spiked club
              (16 damage)
             ... on level 4 of the Dungeon.
             The game lasted 00:06:43 (3283 turns).

Elric the Spear-Bearer (Merfolk Gladiator)          Turns: 3283, Time: 00:06:44

Health: -4/51      AC: 14    Str: 16    XL:     7   Next: 78%
Magic:  7/7        EV:  5    Int:  8    God:
Gold:   162        SH:  8    Dex: 15    Spells: 6/6 levels left

rFire   + . .      SeeInvis .    a - +0 trident
rCold   + . .      Faith    .    t - +0 buckler
rNeg    . . .      Spirit   .    x - +2 plate armour {rF+}
rPois   .          Reflect  +    c - +0 helmet
rElec   .          Harm     .    u - +0 cloak
rCorr   .          Rampage  .    (no gloves)
Will    .....                    (no boots)
Stlth   ..........               g - amulet of reflection
HPRegen 0.28/turn                b - ring of protection from cold
MPRegen 0.10/turn                (no ring)

@: no status effects
A: (nimble swimmer 2), mertail, deterioration 1, mutation resistance 1
a: no special abilities


You were on level 4 of the Dungeon.
You visited 1 branch of the dungeon, and saw 4 of its levels.

You collected 162 gold pieces.

Inventory:

Hand Weapons
 a - a +0 trident (weapon)
Missiles
 d - 3 throwing nets (quivered)
 e - a javelin
Armour
 c - a +0 helmet (worn)
 t - a +0 buckler (worn)
 u - a +0 cloak (worn)
 x - a +2 plate armour of fire resistance (worn)
Jewellery
 b - a ring of protection from cold (left hand)
 g - an amulet of reflection (around neck)
Wands
 i - a wand of mindburst (9)
 y - a wand of digging (5)
Scrolls
 f - a scroll of brand weapon {unknown}
 h - 3 scrolls of noise
 j - a scroll of immolation {unknown}
 l - 2 scrolls of torment {unknown}
 m - 4 scrolls of teleportation
 q - a scroll of blinking {unknown}
 r - 2 scrolls of identify
 s - 2 scrolls of amnesia {unknown}
 w - a scroll of enchant weapon {unknown}
Potions
 k - a potion of heal wounds {unknown}
 o - a potion of degeneration {unknown}
 p - a potion of flight {unknown}
 v - a potion of cancellation {unknown}


   Skills:
 - Level 2.4 Fighting
 + Level 11.3 Polearms
 - Level 2.1 Throwing
 - Level 4.2 Dodging


You had 6 spell levels left.
You didn't know any spells.
Your spell library was empty.

Dungeon Overview and Level Annotations

Branches:
Dungeon (4/15)             Temple (0/1) D:4

Altars:
Elyvilon
Kikubaaqudgha


Innate Abilities, Weirdness & Mutations

((You are very nimble when in or above water. (Stealth+, EV+, Speed+++)))
Your lower body shifts to a powerful aquatic tail in water.
Your body sometimes deteriorates upon taking damage.
You are somewhat resistant to further mutation.


Message History

You block the ogre's attack.
You puncture the ogre!
The ogre is heavily wounded.
You hit the ogre.
The ogre is severely wounded.
The ogre hits you with a +0 giant spiked club!!
* * * LOW HITPOINT WARNING * * *
Okay, then.
You see here 5 stones.
Reach: a) +0 trident
Press: ? - help, Dir - move target, f - ogre
Aim: an ogre, wielding a +0 giant spiked club (heavily wounded, about 23% to evade your +0 trident)
You reach to attack!
You closely miss the ogre.
The ogre is heavily wounded.
The ogre attacks as you move away! The ogre barely misses you.
Reach: a) +0 trident
Press: ? - help, Dir - move target, f/p - ogre
Aim: an ogre, wielding a +0 giant spiked club (heavily wounded, about 23% to evade your +0 trident)
You reach to attack!
You barely miss the ogre.
The ogre is heavily wounded.
The ogre attacks as you move away! You block the ogre's attack.
The ogre attacks as you move away!
The ogre hits you with a +0 giant spiked club.
* * * LOW HITPOINT WARNING * * *
Reach: a) +0 trident
Press: ? - help, Dir - move target, f/p - ogre
Aim: an ogre, wielding a +0 giant spiked club (heavily wounded, about 23% to evade your +0 trident)
You reach to attack!
You hit the ogre.
The ogre is severely wounded.
Reach: a) +0 trident
Press: ? - help, Dir - move target, f/p - ogre
Aim: an ogre, wielding a +0 giant spiked club (severely wounded, about 23% to evade your +0 trident)
You reach to attack!
You hit the ogre but do no damage.
The ogre is severely wounded.
You hit the ogre but do no damage.
The ogre is severely wounded.
You hit the ogre.
The ogre is almost dead.
The ogre hits you with a +0 giant spiked club!
You die...

#.# #......######
..!.... ###.#
######....(†##.$.....
.##.## ######))..#..
.....#########
###.....#
###..........#
#......#
........÷....###
#.###....
###.......#....###..#
...
#######÷...#.#...##
## ###....O@..##
#............#
.#######.##....####
........^##.#...#
#...####.#..#.#..#
##.........##.##...
#..#####....#......
.. ##........## ##.#
#.......#.


You could see an ogre.

Vanquished Creatures
  Sigmund (D:2)
  A water moccasin (D:4)
  An ogre (D:4)
  A necrophage (D:4)
  2 scorpions (D:4)
  A hound (D:4)
  An orc priest (D:4)
  An iguana (D:4)
  Ijyb (D:3)
  Robin (D:2)
  A gnoll (D:3)
  2 adders (D:3)
  A dart slug (D:3)
  2 orcs (D:4)
  3 ball pythons
  5 endoplasms
  12 goblins
  8 hobgoblins
  6 jackals
  A kobold (D:3)
  A quokka (D:1)
  3 bats (D:2)
  6 frilled lizards
  8 rats
70 creatures vanquished.

Vanquished Creatures (others)
  2 plants (D:2)
2 creatures vanquished.

Grand Total: 72 creatures vanquished

Notes
Turn   | Place    | Note
-------+----------+-------------------------------------------
     0 | D:1      | Elric the Merfolk Gladiator began the quest for the Orb.
     0 | D:1      | Reached XP level 1. HP: 16/16 MP: 1/1
   116 | D:1      | Found a faded altar of an unknown god.
   398 | D:1      | Reached XP level 2. HP: 23/23 MP: 2/2
   678 | D:2      | Noticed Robin
   693 | D:2      | Gained mutation: Your body sometimes deteriorates upon
                  | taking damage. [potion of mutation]
   693 | D:2      | Gained mutation: You are somewhat resistant to further
                  | mutation. [potion of mutation]
   696 | D:2      | Killed Robin
   697 | D:2      | Reached skill level 5 in Polearms
   697 | D:2      | Reached XP level 3. HP: 22/28 MP: 3/3
   846 | D:2      | Noticed Sigmund
   986 | D:2      | Killed Sigmund
   987 | D:2      | Reached skill level 8 in Polearms
   987 | D:2      | Reached XP level 4. HP: 13/34 MP: 4/4
   987 | D:2      | Reached XP level 5. HP: 15/39 MP: 5/5
  1986 | D:3      | Found a large runed translucent door.
  1988 | D:3      | Found a large runed translucent door.
  2018 | D:3      | Reached XP level 6. HP: 46/46 MP: 6/6
  2173 | D:3      | Noticed Ijyb
  2205 | D:3      | Killed Ijyb
  2752 | D:3      | Found an ancient bone altar of Kikubaaqudgha.
  2765 | D:3      | Found a white marble altar of Elyvilon.
  2817 | D:4      | Reached skill level 9 in Polearms
  2924 | D:4      | Reached skill level 10 in Polearms
  2924 | D:4      | Reached XP level 7. HP: 34/51 MP: 7/7
  3050 | D:4      | Identified the +4 mace "Worm" {vorpal, Int+2}
  3079 | D:4      | Found a staircase to the Ecumenical Temple.
  3116 | D:4      | Reached skill level 11 in Polearms
  3283 | D:4      | Slain by an ogre

Illustrated notes

Levels and vault maps discovered:
D:1:      heliophobic_arrival_dark_side_of_the_moon, layout_basic,
          ebering_ecumenical_altar_mist, interstate_on_off, supply_closet_lemuel
D:2:      layout_rooms, serial_forest, infiniplex_forest_clump_diagonal,
          infiniplex_forest_lined_1, infiniplex_forest_straight_2,
          infiniplex_forest_lined_2, infiniplex_forest_corner_2,
          infiniplex_forest_straight_3, infiniplex_forest_clump_cross,
          infiniplex_forest_3_way, infiniplex_forest_corner_1,
          minmay_misc_feat_secret_circle, uniq_robin, uniq_sigmund
D:3:      layout_basic, jmf_multi_god_temple2, roderic_serpentine_path,
          roderic_malta_cross, eino_tiny_chamber, uniq_ijyb
D:4:      layout_rooms, minmay_temple_entry_butterflies, serial_shops,
          nicolae_shop_trees, minmay_ogre_servants

Skill      XL: |  1  2  3  4  5  6  7 |
---------------+----------------------+-----
Polearms       | 5 8 10 11 | 11.3
Fighting       | |  2.4
Throwing       | |  2.1
Dodging        | |  4.2

Action                   |  1- 3 |  4- 6 |  7- 9 || total
-------------------------+-------+-------+-------++-------
Melee: Trident           |    66 |   144 |    76 ||   286
       Punch             |       |     1 |       ||     1
Throw: Throwing net      |     1 |     2 |       ||     3
  Use: Potion            |     5 |     3 |     1 ||     9
       Scroll            |       |     2 |       ||     2
Armor: Ring mail         |    21 |     8 |       ||    29
       Leather armour    |     1 |       |       ||     1
       Plate armour      |       |    57 |    29 ||    86
Dodge: Dodged            |    50 |    30 |    12 ||    92
Block: Other             |     1 |    30 |       ||    31
       Reflection        |       |     1 |       ||     1
       Buckler           |       |     3 |    22 ||    25

Table legend: (Time is in decaauts)
 A = Elapsed time spent in this place.
 B = Non-inter-level travel time spent in this place.
 C = Inter-level travel time spent in this place.
 D = Time resting spent in this place.
 E = Time spent auto-exploring this place.
 F = Levels seen in this place.
 G = Mean time per level.
                   A        B        C        D        E       F      G
               +--------+--------+--------+--------+--------+-----+--------+
         Total |   3238 |   3089 |    149 |    483 |   2026 |   4 |  809.5 |
       Dungeon |   3238 |   3089 |    149 |    483 |   2026 |   4 |  809.5 |
               +--------+--------+--------+--------+--------+-----+--------+

Top non-repeatable levels by time:
     D:2: 1058 daAuts
     D:3: 932 daAuts
     D:1: 790 daAuts
     D:4: 456 daAuts
